Map: Orbital Shipyard

Players

Shameless

  • Race: Terran Terran

LilDicky - Winner!

  • Race: Protoss Protoss
  • League: Diamond

VOD

http://www.twitch.tv/tumescentpie

Description

Time

  • Played on: Jan. 4, 2016, 12:41 a.m.
  • Length: 5:49
Show
View Real Time Build Order
Export as new Build Order

Shameless Terran 

Build Orders:  

Get SALT Encoding   

  12  0:01  SCV  
  13  0:13  SCV  
  14  0:18  Supply Depot  
  14  0:25  SCV  
  15  0:39  SCV  
  16  0:43  Barracks  
  16  0:52  SCV  
  17  1:04  SCV  
  18  1:16  SCV  
  19  1:35  Marine  
  19  1:36  SCV  
  21  1:40  Command Center  
  21  1:41  Supply Depot  
  21  1:48  SCV  
  21  1:53  Marine  
  23  2:02  Barracks  
  23  2:03  SCV  
  24  2:11  Marine  
  25  2:15  SCV, Refinery  
  26  2:28  SCV  
  26  2:29  Marine  
  28  2:40  SCV  
  29  2:49  Marine  
  29  2:50  Marine  
  31  2:53  Orbital Command  
  31  2:54  Orbital Command  
  30  3:08  Barracks Tech Lab  
  30  3:09  Barracks Tech Lab  
  30  3:16  Refinery  
  30  3:18  Supply Depot  
  30  3:22  Engineering Bay  
  30  3:24  SCV  
  30  3:25  SCV  
  32  3:28  Marauder  
  32  3:29  Marauder  
  36  3:36  SCV  
  36  3:37  SCV  
  38  3:42  Concussive Shells  
  38  3:49  SCV x2  
  38  3:53  Marine, Marauder  
  43  3:58  Supply Depot  
  43  4:00  Missile Turret  
  43  4:01  SCV x2  
  43  4:02  Missile Turret  
  45  4:11  Marine  
  45  4:13  SCV  
  47  4:17  SCV, Factory  
  47  4:22  Refinery  
  47  4:23  Marauder  
  50  4:25  Barracks  
  50  4:29  Marine  
  51  4:36  Supply Depot  
  51  4:37  Supply Depot  
  51  4:38  SCV x2  
  51  4:55  Missile Turret  
  51  4:59  Marine  
  46  5:00  Marine  
  46  5:01  Widow Mine  
  46  5:03  SCV x2  
  46  5:07  Missile Turret  
  50  5:18  Marine  
  43  5:23  Missile Turret  
  41  5:31  Missile Turret  
  41  5:33  Missile Turret  
Show
View Real Time Build Order
Export as new Build Order

LilDicky Protoss - Winner!

Build Orders:  

Get SALT Encoding   

  12  0:13  Probe (Chrono Boost)  
  13  0:22  Pylon  
  13  0:23  Probe (Chrono Boost)  
  14  0:34  Probe (Chrono Boost)  
  15  0:42  Assimilator  
  15  0:47  Gateway  
  15  0:53  Probe (Chrono Boost)  
  16  1:03  Probe (Chrono Boost)  
  17  1:14  Probe (Chrono Boost)  
  18  1:29  Pylon  
  18  1:36  Assimilator  
  18  1:39  Pylon  
  18  1:40  Probe (Chrono Boost)  
  19  1:50  Cybernetics Core  
  19  1:51  Probe (Chrono Boost)  
  20  2:02  Probe (Chrono Boost)  
  21  2:12  Probe (Chrono Boost)  
  23  2:23  Probe (Chrono Boost)  
  23  2:27  Warp Gate (Chrono Boost)  
  23  2:29  Stargate  
  25  2:35  Mothership Core (Chrono Boost)  
  25  2:47  Gateway  
  25  2:48  Gateway  
  25  2:56  Probe  
  26  3:16  Void Ray  
  31  3:35  Pylon  
  30  3:42  Pylon  
  30  3:59  Void Ray (Chrono Boost)  
  34  4:33  Adept x3  
  40  4:50  Pylon  
  37  5:01  Adept x2  
  37  5:02  Adept  
  43  5:07  Probe  
  44  5:45  Adept x2  
  44  5:46  Adept  
Tags
 
Add a new tag
Caveats
  • Supply blocks, unpowered buildings, or Contaminate may cause inaccurate times.
  • Supply counts are checked every 10 seconds.